 Dungeon Crawl Stone Soup version 0.28.0-1-gb440e238dd (webtiles) character file.

Game seed: 12895748890482033238

135 Zeld the Digger (level 5, -2/28 HPs)
             Began as a Gargoyle Earth Elementalist on Feb 22, 2022.
             Killed from afar by Natasha (5 damage)
             ... with a magic dart
             ... on level 3 of the Dungeon.
             The game lasted 00:03:52 (2543 turns).

Zeld the Digger (Gargoyle Earth Elementalist)       Turns: 2543, Time: 00:03:52

Health: -2/28      AC:  8    Str: 12    XL:     5   Next: 18%
Magic:  2/9        EV: 12    Int: 17    God:
Gold:   70         SH:  0    Dex: 10    Spells: 4/10 levels left

rFire   . . .      SeeInvis .   (no weapon)
rCold   . . .      Faith    .   (no shield)
rNeg    + . .      Spirit   .   b - +0 robe
rPois   ∞          Reflect  .   h - +1 helmet
rElec   +          Harm     .   (no cloak)
rCorr   .          Rampage  .   (no gloves)
Will    .....                   (no boots)
Stlth   ++........              (no amulet)
HPRegen 0.09/turn               (no ring)
MPRegen 0.11/turn               (no ring)

@: no status effects
A: sickness immunity, AC +4, negative energy resistance 1, electricity
resistance, torment resistance 1, petrification resistance
a: no special abilities


You were on level 3 of the Dungeon.
You visited 1 branch of the dungeon, and saw 3 of its levels.

You collected 130 gold pieces.
You spent 60 gold pieces at shops.

Inventory:

Armour
 b - a +0 robe (worn)
 h - a +1 helmet (worn)
Scrolls
 d - a scroll of enchant weapon {unknown}
 e - a scroll of fog {unknown}
 f - 2 scrolls of noise {unknown}
 j - a scroll of identify {unknown}
 k - a scroll of silence {unknown}
Potions
 a - 4 potions of curing
 g - 2 potions of might {unknown}
 i - a potion of berserk rage {unknown}
 l - a potion of invisibility


   Skills:
 - Level 2.0 Dodging
 + Level 3.1 Stealth
 * Level 3.1 Spellcasting
 + Level 1.2 Conjurations
 - Level 1.0 Transmutations
 * Level 4.9 Earth Magic


You had 4 spell levels left.
You knew the following spells:

 Your Spells              Type           Power      Damage    Failure   Level
a - Sandblast             Erth           38%        2d10      2%          1
b - Passwall              Tmut/Erth      10%        N/A       8%          2
c - Stone Arrow           Conj/Erth      26%        3d8       14%         3

Your spell library contained the following spells:

 Spells                   Type           Power      Damage    Failure   Level
 Magic Dart               Conj           24%        1d4       11%         1
 Searing Ray              Conj           12%        2d4       16%         2
 Blink                    Tloc           4%         N/A       26%         2
 Lesser Beckoning         Tloc           2%         N/A       45%         3
 Summon Guardian Golem    Hex/Summ       2%         N/A       45%         3
 Petrify                  Tmut/Erth      12%        N/A       45%         4
 Fulminant Prism          Conj/Hex       2%         3d6       80%         4
 Manifold Assault         Tloc           2%         N/A       99%         5
 Summon Forest            Summ/Tloc      1%         N/A       99%         5
 Eringya's Noxious Bog    Tmut/Pois      2%         N/A       100%        6
 Orb of Destruction       Conj           3%         9d5       100%        7
 Spellforged Servitor     Conj/Summ      2%         N/A       100%        7
 Summon Hydra             Summ           1%         N/A       100%        7


Dungeon Overview and Level Annotations

Branches:
Dungeon (3/15)

Altars:
Fedhas
Qazlal
Xom
The Shining One

Shops:
D:2 !

Annotations:
D:3 Natasha


Innate Abilities, Weirdness & Mutations

You are immune to sickness and miasma.
Your stone body is resilient. (AC +4)
You are immune to poison.
You resist negative energy. (rN+)
You are resistant to electric shocks. (rElec)
You are resistant to unholy torment.
You are immune to petrification.


Message History

Casting: Stone Arrow (quite dangerous; 14% risk of failure)
Confirm with . or Enter, or press ? or * to list all spells.
The spell is quite dangerous to miscast (14% risk of failure)!
Continue anyway?
Aiming: Stone Arrow (quite dangerous; 14% risk of failure)
Press: ? - help, Shift-Dir - straight line, f - Natasha
Aim: Natasha (60% to hit)
The stone arrow misses Natasha.
Unknown command.
Natasha barely misses you.
Casting: Stone Arrow (quite dangerous; 14% risk of failure)
Confirm with . or Enter, or press ? or * to list all spells.
The spell is quite dangerous to miscast (14% risk of failure)!
Continue anyway?
Aiming: Stone Arrow (quite dangerous; 14% risk of failure)
Press: ? - help, Shift-Dir - straight line, f/p - Natasha
Aim: Natasha (60% to hit)
The stone arrow misses Natasha.
Natasha drinks a potion.
Natasha flickers and vanishes!
Deactivating autopickup; reactivate with Ctrl-A.
Something claws you.
The white imp disappears in a puff of smoke!
Something claws you! Something claws you!
You hear some strange, mumbled words.
Something tries to affect you, but you resist.
You hear some strange, mumbled words.
You feel yourself speed up.
A magic dart appears from out of thin air!
The magic dart hits you.
* * * LOW HITPOINT WARNING * * *
Things that are here:
a +0 mace; the felid skeleton of Natasha Something claws you.
* * * LOW HITPOINT WARNING * * *
You hear some strange, mumbled words.
Something tries to affect you, but you resist.
Something tries to affect you, but you resist.
The crimson imp blinks!
A magic dart appears from out of thin air!
The magic dart hits you.
You die...

#......##...# #.........>...
#.##........####....⌠......÷.
##
#..>...##...##.)..........###
.# ##.†.........##§##._..._.#.#
#
.###.†##...#....#.{##.......#.#
#
.....#######..#....##.#.......#
# ..#### ##.###.....####.#### #
..# #)###.#.### #.# #..
#...@....# #.# ###.
##)###########.# #.
########.#..(......###
...........#....≈....#
##.######.#.≈..≈..≈.###
#.#.≈.†≈..≈.#.######
#..#####.'####_####'.......
.........#.l..≈..≈.#.....##
.##.######.≈..≈..K.#.....#


There were no monsters in sight!

Vanquished Creatures
  An iguana (D:3)
  Natasha (twice) (D:3)
  An adder (D:2)
  A worm (D:2)
  An orc (D:3)
  5 bats
  6 endoplasms
  2 giant cockroaches (D:2)
  3 goblins (D:1)
  3 hobgoblins
  2 jackals (D:3)
  3 quokkas (D:1)
  3 ball pythons (D:1)
  2 frilled lizards
  5 kobolds
  4 rats
44 creatures vanquished.

Notes
Turn   | Place    | Note
-------+----------+-------------------------------------------
     0 | D:1      | Zeld the Gargoyle Earth Elementalist began the quest for
                  | the Orb.
     0 | D:1      | Reached XP level 1. HP: 10/10 MP: 3/3
   351 | D:1      | Reached XP level 2. HP: 15/15 MP: 0/5
   583 | D:1      | Reached skill level 1 in Transmutations
   706 | D:1      | Reached skill level 4 in Earth Magic
  1043 | D:1      | Reached XP level 3. HP: 19/19 MP: 4/6
  1064 | D:1      | Learned a level 2 spell: Passwall
  1068 | D:1      | Learned a level 3 spell: Stone Arrow
  1256 | D:2      | Found Woedir's Distillery.
  1284 | D:2      | Bought a potion of curing for 30 gold pieces
  1284 | D:2      | Bought a potion of curing for 30 gold pieces
  1934 | D:3      | Found a faded altar of an unknown god.
  2056 | D:3      | Reached XP level 4. HP: 20/24 MP: 0/8
  2131 | D:3      | Found a stormy altar of Qazlal.
  2133 | D:3      | Found a glowing golden altar of the Shining One.
  2133 | D:3      | Found a blossoming altar of Fedhas.
  2135 | D:3      | Found a shimmering altar of Xom.
  2135 | D:3      | Noticed Natasha
  2147 | D:3      | Killed Natasha
  2148 | D:3      | Reached skill level 1 in Conjurations
  2512 | D:3      | Noticed Natasha
  2518 | D:3      | Killed Natasha
  2519 | D:3      | Reached XP level 5. HP: 28/28 MP: 5/9
  2519 | D:3      | Noticed Natasha
  2543 | D:3      | Killed from afar by Natasha

Illustrated notes

Levels and vault maps discovered:
D:1:      lemuel_arrival_funnel, layout_loops_corners,
          nicolae_figureground_sparkle
D:2:      layout_rooms, serial_shops, shop
D:3:      layout_rooms, grunt_temple_overflow_open,
          shapermc_ecumenical_altar_notcrosses, minmay_close_crescents,
          uniq_natasha

Skill      XL: |  1  2  3  4 |
---------------+-------------+-----
Transmutations | 1 |  1.0
Earth Magic    | 4 |  4.9
Dodging        | 2 |  2.0
Stealth        | 3 |  3.1
Conjurations   | 1 |  1.2
Spellcasting   | 3 |  3.1

Action                   |  1- 3 |  4- 6 || total
-------------------------+-------+-------++-------
Melee: Unarmed           |    56 |    54 ||   110
 Cast: Sandblast         |    42 |       ||    42
       Stone Arrow       |     4 |     7 ||    11
 Stab: Sleeping          |     2 |     1 ||     3
Armor: Robe              |    27 |    28 ||    55
Dodge: Dodged            |    39 |    44 ||    83
